 Dungeon Sprint DCSS version 0.19.3-4-gbf9329e (webtiles) character file.

256 Kagutsuchi the Destroyer (level 5, -3/29 HPs)
             Began as a Deep Elf Conjurer on Jan 28, 2017.
             Slain by a necrophage (7 damage)
             ... in the Dungeon (Sprint II: "The Violet Keep of Menkaure").
             The game lasted 00:00:41 (34 turns).

Kagutsuchi the Destroyer (Deep Elf Conjurer)          Turns: 34, Time: 00:00:42

Health: -3/29      AC:  2    Str:  5    XL:     5   Next: 92%
Magic:  9/15       EV: 15    Int: 20    God:
Gold:   0          SH:  0    Dex: 16    Spells: 1 memorised, 14 levels left

rFire  . . .     SeeInvis .       - Unarmed
rCold  . . .     Gourm    .     a - +0 robe
rNeg   . . .     Faith    .     (no shield)
rPois  .         Spirit   .     (no helmet)
rElec  .         Reflect  .     (no cloak)
rCorr  .         Harm     .     (no gloves)
MR     .....     NoTele   +     (no boots)
Stlth  +++.......               (no amulet)
                                (no ring)
                                (no ring)

@: exhausted, slowed, very slow
A: no striking features
a: no special abilities


You were in the Dungeon.
You were not hungry.

You visited 1 branch

Inventory:

Armour
 a - a +0 robe (worn)
Scrolls
 i - a scroll of blinking
Potions
 f - a potion of haste
 g - 2 potions of magic
Books
 b - a book of Conjurations

   Spells                             Type                      Level
   a - Magic Dart                     Conjuration                  1
   b - Searing Ray                    Conjuration                  2
   c - Dazzling Spray                 Conjuration/Hexes            3
   d - Fulminant Prism                Conjuration/Hexes            4
   e - Iskenderun's Mystic Blast      Conjuration                  4
   f - Iskenderun's Battlesphere      Conjuration/Charms           5
Comestibles
 c - a bread ration


   Skills:
 + Level 1.0 Fighting
 + Level 5.3 Dodging
 + Level 4.2 Stealth
 + Level 3.2 Unarmed Combat
 + Level 5.5 Spellcasting
 + Level 11.3 Conjurations


You had 14 spell levels left.
You knew the following spells:

 Your Spells              Type           Power        Failure   Level  Hunger
a - Magic Dart            Conj           ####         1%          1    None


Dungeon Overview and Level Annotations

Branches:
Dungeon (1/1)

Altars:


Message History

You barely miss the necrophage. The necrophage misses you.
You hit the necrophage but do no damage.
The necrophage hits you.
You feel ill.
You feel your flesh rotting away! The necrophage misses you.
You hit the necrophage.
The necrophage is lightly damaged.
The necrophage misses you.
You hit the necrophage.
The necrophage is lightly damaged.
The necrophage hits you.
* * * LOW HITPOINT WARNING * * *
You feel your flesh rotting away! The necrophage hits you.
* * * LOW HITPOINT WARNING * * *
You feel better. The necrophage hits you.
* * * LOW HITPOINT WARNING * * *
Memorise Iskenderun's Mystic Blast, consuming 4 spell levels and leaving 10?
The necrophage misses you. The necrophage barely misses you.
You start memorising the spell.
You continue memorising.
The necrophage hits you!
Your memorisation is interrupted.
You die...

## ##
##. .##
#..#..#
#.$.#
#n#
##@##
+.<.+
##.##
#+#


You could see a necrophage.

Vanquished Creatures
  3 necrophages (D)
3 creatures vanquished.

Notes
Turn   | Place    | Note
-------+----------+-------------------------------------------
     0 | D        | Kagutsuchi the Deep Elf Conjurer began the quest for the Orb.
     0 | D        | Reached XP level 1. HP: 10/10 MP: 6/6
     1 | D        | Noticed a necrophage
     1 | D        | Noticed a necrophage
     1 | D        | Noticed a necrophage
     1 | D        | Noticed a necrophage
    13 | D        | Killed a necrophage
    13 | D        | Reached skill level 1 in Unarmed Combat
    13 | D        | Reached skill level 8 in Conjurations
    13 | D        | Reached XP level 2. HP: 15/15 MP: 6/9
    13 | D        | Reached XP level 3. HP: 19/19 MP: 7/11
    13 | D        | Reached XP level 4. HP: 24/24 MP: 7/12
    19 | D        | Killed a necrophage
    19 | D        | Reached skill level 5 in Spellcasting
    19 | D        | Reached skill level 10 in Conjurations
    19 | D        | Reached XP level 5. HP: 6/26 MP: 7/14
    25 | D        | Killed a necrophage
    25 | D        | Reached skill level 1 in Fighting
    25 | D        | Reached skill level 5 in Dodging
    25 | D        | Reached skill level 11 in Conjurations
    34 | D        | Slain by a necrophage

Skill      XL: |  1  2  3  4  5 |
---------------+----------------+-----
Dodging        | 4 5 |  5.3
Stealth        | 3 4 |  4.2
Unarmed Combat | 1 2 3 |  3.2
Spellcasting   | 4 5 |  5.5
Conjurations   | 8 10 11 | 11.3
Fighting       | 1 |  1.0

Action                   |  1- 3 |  4- 6 || total
-------------------------+-------+-------++-------
Melee: Unarmed           |    10 |    15 ||    25
  Use: Potion            |     1 |     2 ||     3
Dodge: Dodged            |     6 |    15 ||    21
